[gd_scene load_steps=43 format=3 uid="uid://cjbail4k4gv8"]

[ext_resource type="PackedScene" uid="uid://ds63d6j6giop0" path="res://game/characters/npcs/patients/patient_base.tscn" id="1_mp627"]
[ext_resource type="Texture2D" uid="uid://cplk4qi3kubu7" path="res://sprites/characters/patients/patient_01/idle/pacient_01_IDLE_8FPS.png" id="2_okoa2"]
[ext_resource type="Texture2D" uid="uid://0aydo40yycor" path="res://sprites/characters/patients/patient_01/run/pacient_01_RUN_BACK_8FPS.png" id="3_qmbfo"]
[ext_resource type="Texture2D" uid="uid://b8hfteh3niwym" path="res://sprites/characters/patients/patient_01/run/pacient_01_RUN_FRONT_8FPS.png" id="4_ckauq"]
[ext_resource type="Texture2D" uid="uid://d1lv1hicu0tnw" path="res://sprites/characters/patients/patient_01/run/pacient_01_RUN_LEFTSIDE_8FPS.png" id="5_e1gfl"]
[ext_resource type="Texture2D" uid="uid://bx236oou4jah2" path="res://sprites/characters/patients/patient_01/run/pacient_01_RUN_RIGHTSIDE_8FPS.png" id="6_201t2"]

[sub_resource type="AtlasTexture" id="AtlasTexture_mq2lo"]
atlas = ExtResource("2_okoa2")
region = Rect2(0, 0, 16, 18)

[sub_resource type="AtlasTexture" id="AtlasTexture_8uwas"]
atlas = ExtResource("2_okoa2")
region = Rect2(16, 0, 16, 18)

[sub_resource type="AtlasTexture" id="AtlasTexture_aqa0n"]
atlas = ExtResource("2_okoa2")
region = Rect2(32, 0, 16, 18)

[sub_resource type="AtlasTexture" id="AtlasTexture_wkct0"]
atlas = ExtResource("2_okoa2")
region = Rect2(48, 0, 16, 18)

[sub_resource type="AtlasTexture" id="AtlasTexture_gxe5f"]
atlas = ExtResource("2_okoa2")
region = Rect2(64, 0, 16, 18)

[sub_resource type="AtlasTexture" id="AtlasTexture_rbcr3"]
atlas = ExtResource("2_okoa2")
region = Rect2(80, 0, 16, 18)

[sub_resource type="AtlasTexture" id="AtlasTexture_5bwn8"]
atlas = ExtResource("2_okoa2")
region = Rect2(96, 0, 16, 18)

[sub_resource type="AtlasTexture" id="AtlasTexture_jyjdv"]
atlas = ExtResource("2_okoa2")
region = Rect2(112, 0, 16, 18)

[sub_resource type="AtlasTexture" id="AtlasTexture_xdbr1"]
atlas = ExtResource("2_okoa2")
region = Rect2(128, 0, 16, 18)

[sub_resource type="AtlasTexture" id="AtlasTexture_t52on"]
atlas = ExtResource("2_okoa2")
region = Rect2(144, 0, 16, 18)

[sub_resource type="AtlasTexture" id="AtlasTexture_ls7y4"]
atlas = ExtResource("2_okoa2")
region = Rect2(160, 0, 16, 18)

[sub_resource type="AtlasTexture" id="AtlasTexture_62x6o"]
atlas = ExtResource("2_okoa2")
region = Rect2(176, 0, 16, 18)

[sub_resource type="AtlasTexture" id="AtlasTexture_bea8h"]
atlas = ExtResource("2_okoa2")
region = Rect2(192, 0, 16, 18)

[sub_resource type="AtlasTexture" id="AtlasTexture_7gwfn"]
atlas = ExtResource("2_okoa2")
region = Rect2(208, 0, 16, 18)

[sub_resource type="AtlasTexture" id="AtlasTexture_g0m7w"]
atlas = ExtResource("2_okoa2")
region = Rect2(224, 0, 16, 18)

[sub_resource type="AtlasTexture" id="AtlasTexture_opri7"]
atlas = ExtResource("2_okoa2")
region = Rect2(240, 0, 16, 18)

[sub_resource type="AtlasTexture" id="AtlasTexture_mucyc"]
atlas = ExtResource("2_okoa2")
region = Rect2(256, 0, 16, 18)

[sub_resource type="AtlasTexture" id="AtlasTexture_lmawo"]
atlas = ExtResource("2_okoa2")
region = Rect2(272, 0, 16, 18)

[sub_resource type="AtlasTexture" id="AtlasTexture_gturh"]
atlas = ExtResource("2_okoa2")
region = Rect2(288, 0, 16, 18)

[sub_resource type="AtlasTexture" id="AtlasTexture_7ldn8"]
atlas = ExtResource("3_qmbfo")
region = Rect2(0, 0, 16, 18)

[sub_resource type="AtlasTexture" id="AtlasTexture_3y2st"]
atlas = ExtResource("3_qmbfo")
region = Rect2(16, 0, 16, 18)

[sub_resource type="AtlasTexture" id="AtlasTexture_xbcma"]
atlas = ExtResource("3_qmbfo")
region = Rect2(32, 0, 16, 18)

[sub_resource type="AtlasTexture" id="AtlasTexture_4egnm"]
atlas = ExtResource("3_qmbfo")
region = Rect2(48, 0, 16, 18)

[sub_resource type="AtlasTexture" id="AtlasTexture_dovh5"]
atlas = ExtResource("4_ckauq")
region = Rect2(0, 0, 16, 18)

[sub_resource type="AtlasTexture" id="AtlasTexture_82myr"]
atlas = ExtResource("4_ckauq")
region = Rect2(16, 0, 16, 18)

[sub_resource type="AtlasTexture" id="AtlasTexture_krchk"]
atlas = ExtResource("4_ckauq")
region = Rect2(32, 0, 16, 18)

[sub_resource type="AtlasTexture" id="AtlasTexture_t8hxd"]
atlas = ExtResource("4_ckauq")
region = Rect2(48, 0, 16, 18)

[sub_resource type="AtlasTexture" id="AtlasTexture_a1672"]
atlas = ExtResource("5_e1gfl")
region = Rect2(0, 0, 16, 18)

[sub_resource type="AtlasTexture" id="AtlasTexture_7b41g"]
atlas = ExtResource("5_e1gfl")
region = Rect2(16, 0, 16, 18)

[sub_resource type="AtlasTexture" id="AtlasTexture_rifbj"]
atlas = ExtResource("5_e1gfl")
region = Rect2(32, 0, 16, 18)

[sub_resource type="AtlasTexture" id="AtlasTexture_vi0t2"]
atlas = ExtResource("5_e1gfl")
region = Rect2(48, 0, 16, 18)

[sub_resource type="AtlasTexture" id="AtlasTexture_3vpre"]
atlas = ExtResource("6_201t2")
region = Rect2(0, 0, 16, 18)

[sub_resource type="AtlasTexture" id="AtlasTexture_cgeuk"]
atlas = ExtResource("6_201t2")
region = Rect2(16, 0, 16, 18)

[sub_resource type="AtlasTexture" id="AtlasTexture_kq1j8"]
atlas = ExtResource("6_201t2")
region = Rect2(32, 0, 16, 18)

[sub_resource type="AtlasTexture" id="AtlasTexture_vig3n"]
atlas = ExtResource("6_201t2")
region = Rect2(48, 0, 16, 18)

[sub_resource type="SpriteFrames" id="SpriteFrames_lvyio"]
animations = [{
"frames": [{
"duration": 1.0,
"texture": SubResource("AtlasTexture_mq2lo")
}, {
"duration": 1.0,
"texture": SubResource("AtlasTexture_8uwas")
}, {
"duration": 1.0,
"texture": SubResource("AtlasTexture_aqa0n")
}, {
"duration": 1.0,
"texture": SubResource("AtlasTexture_wkct0")
}, {
"duration": 1.0,
"texture": SubResource("AtlasTexture_gxe5f")
}, {
"duration": 1.0,
"texture": SubResource("AtlasTexture_rbcr3")
}, {
"duration": 1.0,
"texture": SubResource("AtlasTexture_5bwn8")
}, {
"duration": 1.0,
"texture": SubResource("AtlasTexture_jyjdv")
}, {
"duration": 1.0,
"texture": SubResource("AtlasTexture_xdbr1")
}, {
"duration": 1.0,
"texture": SubResource("AtlasTexture_t52on")
}, {
"duration": 1.0,
"texture": SubResource("AtlasTexture_ls7y4")
}, {
"duration": 1.0,
"texture": SubResource("AtlasTexture_62x6o")
}, {
"duration": 1.0,
"texture": SubResource("AtlasTexture_bea8h")
}, {
"duration": 1.0,
"texture": SubResource("AtlasTexture_7gwfn")
}, {
"duration": 1.0,
"texture": SubResource("AtlasTexture_g0m7w")
}, {
"duration": 1.0,
"texture": SubResource("AtlasTexture_opri7")
}, {
"duration": 1.0,
"texture": SubResource("AtlasTexture_mucyc")
}, {
"duration": 1.0,
"texture": SubResource("AtlasTexture_lmawo")
}, {
"duration": 1.0,
"texture": SubResource("AtlasTexture_gturh")
}],
"loop": true,
"name": &"idle",
"speed": 5.0
}, {
"frames": [{
"duration": 1.0,
"texture": SubResource("AtlasTexture_7ldn8")
}, {
"duration": 1.0,
"texture": SubResource("AtlasTexture_3y2st")
}, {
"duration": 1.0,
"texture": SubResource("AtlasTexture_xbcma")
}, {
"duration": 1.0,
"texture": SubResource("AtlasTexture_4egnm")
}],
"loop": true,
"name": &"run_back",
"speed": 5.0
}, {
"frames": [{
"duration": 1.0,
"texture": SubResource("AtlasTexture_dovh5")
}, {
"duration": 1.0,
"texture": SubResource("AtlasTexture_82myr")
}, {
"duration": 1.0,
"texture": SubResource("AtlasTexture_krchk")
}, {
"duration": 1.0,
"texture": SubResource("AtlasTexture_t8hxd")
}],
"loop": true,
"name": &"run_front",
"speed": 5.0
}, {
"frames": [{
"duration": 1.0,
"texture": SubResource("AtlasTexture_a1672")
}, {
"duration": 1.0,
"texture": SubResource("AtlasTexture_7b41g")
}, {
"duration": 1.0,
"texture": SubResource("AtlasTexture_rifbj")
}, {
"duration": 1.0,
"texture": SubResource("AtlasTexture_vi0t2")
}],
"loop": true,
"name": &"run_left",
"speed": 5.0
}, {
"frames": [{
"duration": 1.0,
"texture": SubResource("AtlasTexture_3vpre")
}, {
"duration": 1.0,
"texture": SubResource("AtlasTexture_cgeuk")
}, {
"duration": 1.0,
"texture": SubResource("AtlasTexture_kq1j8")
}, {
"duration": 1.0,
"texture": SubResource("AtlasTexture_vig3n")
}],
"loop": true,
"name": &"run_right",
"speed": 5.0
}]

[node name="Patient1" instance=ExtResource("1_mp627")]
sprite_frames = SubResource("SpriteFrames_lvyio")
animation = &"run_right"
